 Dungeon Crawl Stone Soup version 0.30-b1-2-g02819fbbbe (webtiles) character file.

Game seed: 14870783892079228827

453 magipi the Chiller (level 7, -9/36 HPs)
             Began as a Gargoyle Ice Elementalist on May 25, 2023.
             Mangled by Duvessa
             ... wielding a +0 short sword
              (12 damage)
             ... on level 4 of the Dungeon.
             The game lasted 00:12:31 (3300 turns).

magipi the Chiller (Gargoyle Ice Elementalist)      Turns: 3300, Time: 00:12:31

Health: -9/36      AC:  8    Str: 11    XL:     7   Next: 5%
Magic:  5/12       EV: 11    Int: 20    God:
Gold:   250        SH:  4    Dex: 10    Spells: 5/13 levels left

rFire   . . .        a - +3 dagger
rCold   . . .        j - +0 buckler
rNeg    + + .        c - +0 robe
rPois   ∞            (no helmet)
rElec   +            (no cloak)
rCorr   .            (no gloves)
SInv    .            h - +1 pair of boots "Mukkim" {*Slow +Blink rN+ Int+2}
Will    .....        (no amulet)
Stlth   ++           (no ring)
HPRegen 0.26/turn    (no ring)
MPRegen 0.13/turn

%: slow self (1%)
@: no status effects
A: sickness immunity, AC +4, negative energy resistance 1, electricity
resistance, torment resistance 1, petrification resistance
a: Evoke Blink


You were on level 4 of the Dungeon.
You visited 1 branch of the dungeon, and saw 4 of its levels.

You collected 250 gold pieces.

Inventory:

Hand Weapons
 a - a +3 dagger (weapon)
   (You took it off a kobold on level 3 of the Dungeon)
 b - a +1 falchion of draining
   (You found it on level 2 of the Dungeon)
Missiles
 t - 2 boomerangs
Armour
 c - a +0 robe (worn)
 h - the +1 pair of boots "Mukkim" (worn) {*Slow +Blink rN+ Int+2}
   (You found it on level 2 of the Dungeon)

   Int:       It affects your intelligence (+2).
   rN:        It protects you from negative energy.
   +Blink:    It lets you blink.
   *Slow:     It may slow you when you take damage.
 j - a +0 buckler (worn)
   (You found it on level 2 of the Dungeon)
Scrolls
 f - 4 scrolls of identify {unknown}
 i - 6 scrolls of teleportation {unknown}
 n - a scroll of enchant weapon {unknown}
 o - a scroll of enchant armour {unknown}
 s - 3 scrolls of fog {unknown}
Potions
 d - a potion of lignification {unknown}
 e - a potion of curing {unknown}
 g - 3 potions of heal wounds {unknown}
 k - 2 potions of magic
 l - a potion of mutation {unknown}
 m - a potion of degeneration {unknown}
 p - a potion of haste {unknown}
 q - a potion of might {unknown}
 r - 2 potions of brilliance {unknown}


   Skills:
 - Level 1.5 Dodging
 - Level 2.1 Stealth
 + Level 2.3 Shields
 + Level 3.7 Spellcasting
 + Level 1.8 Summonings
 * Level 6.4 Ice Magic


You had 5 spell levels left.
You knew the following spells:

 Your Spells              Type           Power      Damage    Failure   Level
a - Freeze                Ice            100%       1d10      1%          1
f - Frozen Ramparts       Ice            58%        1d9       3%          3
s - Summon Ice Beast      Ice/Summ       20%        N/A       32%         4

Your spell library contained the following spells:

 Spells                   Type           Power      Damage    Failure   Level
 Ozocubu's Armour         Ice            29%        N/A       3%          3
 Ensorcelled Hibernation  Hex/Ice        32%        N/A       8%          2
 Summon Small Mammal      Summ           44%        N/A       9%          1
 Call Imp                 Summ           22%        N/A       13%         2
 Apportation              Tloc           6%         N/A       19%         1
 Magic Dart               Conj           12%        1d3       19%         1
 Necrotise                Necr           12%        1d4       19%         1
 Passwall                 Tmut/Erth      2%         N/A       28%         2
 Mephitic Cloud           Conj/Pois/Air  3%         N/A       50%         3
 Swiftness                Air            3%         N/A       50%         3
 Vhi's Electric Charge    Tloc/Air       6%         N/A       50%         3
 Arcjolt                  Conj/Air       1%         1d11      99%         5
 Plasma Beam              Fire/Air       1%         2x1d12    100%        6


Dungeon Overview and Level Annotations

Branches:
Dungeon (4/15)
 Temple: D:4-7

Altars:

Annotations:
D:4 Duvessa


Innate Abilities, Weirdness & Mutations

You are immune to sickness and miasma.
Your stone body is resilient. (AC +4)
You are immune to poison.
You resist negative energy. (rN+)
You are resistant to electric shocks. (rElec)
You are resistant to unholy torment.
You are immune to petrification.


Message History

Unknown command.
Casting: Frozen Ramparts (dangerous; 3% risk of failure)
Confirm with . or Enter, or press ? or * to list all spells.
Aiming: Freeze (safe; 1% risk of failure)
Press: ? - help, Shift-Dir - straight line, f - Duvessa
Aim: Duvessa, wielding a +0 short sword and wearing a +0 leather armour (heavily wounded, berserk)
You freeze Duvessa.
Duvessa is heavily wounded.
The wall freezes Duvessa but does no damage.
Duvessa hits you with a +0 short sword!
Casting: Freeze (safe; 1% risk of failure)
Confirm with . or Enter, or press ? or * to list all spells.
Aiming: Freeze (safe; 1% risk of failure)
Press: ? - help, Shift-Dir - straight line, f/p - Duvessa
Aim: Duvessa, wielding a +0 short sword and wearing a +0 leather armour (heavily wounded, berserk)
You freeze Duvessa!
Duvessa is heavily wounded.
The wall freezes Duvessa.
Duvessa hits you with a +0 short sword.
The wall freezes Duvessa.
You block Duvessa's attack.
Casting: Freeze (safe; 1% risk of failure)
Confirm with . or Enter, or press ? or * to list all spells.
Aiming: Freeze (safe; 1% risk of failure)
Press: ? - help, Shift-Dir - straight line, f/p - Duvessa
Aim: Duvessa, wielding a +0 short sword and wearing a +0 leather armour (severely wounded, berserk)
You freeze Duvessa.
Duvessa is severely wounded.
The wall freezes Duvessa.
Duvessa hits you with a +0 short sword!
* * * LOW HITPOINT WARNING * * *
Unknown command.
Unknown command.
Casting: Freeze (safe; 1% risk of failure)
Confirm with . or Enter, or press ? or * to list all spells.
Aiming: Freeze (safe; 1% risk of failure)
Press: ? - help, Shift-Dir - straight line, f/p - Duvessa
Aim: Duvessa, wielding a +0 short sword and wearing a +0 leather armour (severely wounded, berserk)
You freeze Duvessa.
Duvessa is severely wounded.
The frozen ramparts melt away.
Duvessa hits you but does no damage. Duvessa hits you with a +0 short sword!
You die...

#.####### #s...#
........###.#
#...........#.### #.
######.#.......##..
.. #.#.###.#.##.##
#. #.#)###.#.##....
#.
#)#.##.......##.###.
#.#e##..#.##.##.....
#.#@##.......# #...
#.#.......##.# #.##
#.##[.....)..####.<.
#.##[#.#####........
.######.##.#.#
######.#.
#........#.#.# #.#.
##.....<...#.# #.#.
#.######.###.#######
#.#. #.##...^....#
#.#.


You could see Duvessa (berserk).

Vanquished Creatures
  Sigmund (D:4)
  A scorpion (D:4)
  Dowan (D:4)
  An iguana (D:4)
  7 gnolls
  4 adders
  3 worms
  7 ball pythons
  5 bats
  8 endoplasms
  2 giant cockroaches
  4 goblins
  5 hobgoblins
  9 kobolds
  A quokka (D:3)
  5 frilled lizards
  4 rats
68 creatures vanquished.

Vanquished Creatures (others)
  5 toadstools (D:1)
5 creatures vanquished.

Grand Total: 73 creatures vanquished

Notes
Turn   | Place    | Note
-------+----------+-------------------------------------------
     0 | D:1      | magipi the Gargoyle Ice Elementalist began the quest for
                  | the Orb.
     0 | D:1      | Reached XP level 1. HP: 10/10 MP: 3/3
   172 | D:1      | Reached XP level 2. HP: 15/15 MP: 1/5
   578 | D:1      | Reached XP level 3. HP: 15/19 MP: 1/6
   696 | D:2      | Learned a level 3 spell: Frozen Ramparts
   696 | D:2      | Identified the +1 pair of boots "Mukkim" {*Slow +Blink rN+
                  | Int+2}
   960 | D:2      | Reached skill level 5 in Ice Magic
  1006 | D:2      | Reached XP level 4. HP: 14/24 MP: 4/8
  1767 | D:3      | Reached XP level 5. HP: 28/28 MP: 6/9
  1911 | D:3      | Learned a level 4 spell: Summon Ice Beast
  2934 | D:4      | Reached skill level 1 in Shields
  3038 | D:4      | Noticed Sigmund
  3047 | D:4      | Killed Sigmund
  3048 | D:4      | Reached skill level 1 in Summonings
  3048 | D:4      | Reached skill level 6 in Ice Magic
  3048 | D:4      | Reached XP level 6. HP: 29/32 MP: 6/11
  3275 | D:4      | Noticed Dowan
  3276 | D:4      | Noticed Duvessa
  3295 | D:4      | Killed Dowan
  3297 | D:4      | Reached XP level 7. HP: 31/36 MP: 8/12
  3300 | D:4      | Mangled by Duvessa

Illustrated notes

Levels and vault maps discovered:
D:1:      wander_arrival_lonely_grave, layout_basic, minmay_gold_behind_fungi
D:2:      layout_basic
D:3:      layout_basic, st_stairs_5, minmay_hedge_maze
D:4:      layout_loops_ring, uniq_duvessa, uniq_sigmund

Skill      XL: |  1  2  3  4  5  6 |
---------------+-------------------+-----
Ice Magic      | 5 6 |  6.4
Spellcasting   | 3 |  3.7
Shields        | 1 2 |  2.3
Summonings     | 1 |  1.8
Dodging        | |  1.5
Stealth        | |  2.1

Action                     |  1- 3 |  4- 6 |  7- 9 || total
---------------------------+-------+-------+-------++-------
  Melee: Unarmed           |     3 |       |       ||     3
         Short sword       |    14 |       |       ||    14
         Dagger            |     3 |    13 |       ||    16
   Cast: Freeze            |    41 |    67 |     4 ||   112
         Frozen Ramparts   |       |     2 |       ||     2
   Stab: Sleeping          |     2 |     3 |       ||     5
         Distracted        |     1 |       |       ||     1
 Armour: Robe              |    17 |    18 |     1 ||    36
  Dodge: Dodged            |    40 |    30 |       ||    70
  Block: Buckler           |       |     5 |     1 ||     6

Action                     |  1- 3 |  4- 6 |  7- 9 || total
---------------------------+-------+-------+-------++-------
  Melee: Unarmed           |     3 |       |       ||     3
         Short sword       |    14 |       |       ||    14
         Dagger            |     3 |    13 |       ||    16
   Cast: Freeze            |    41 |    67 |     4 ||   112
         Frozen Ramparts   |       |     2 |       ||     2
   Stab: Sleeping          |     2 |     3 |       ||     5
         Distracted        |     1 |       |       ||     1
 Armour: Robe              |    17 |    18 |     1 ||    36
  Dodge: Dodged            |    40 |    30 |       ||    70
  Block: Buckler           |       |     5 |     1 ||     6
